 Dungeon Crawl Stone Soup version 0.29.0-11-gd7f09526c8 (webtiles) character file.

Game seed: 7888807510111201507

64 concernfroge the Trooper (level 3, -2/32 HPs)
             Began as a Mummy Monk on Sept 3, 2022.
             Slain by a gnoll
             ... wielding a +0 club
              (5 damage)
             ... on level 2 of the Dungeon.
             The game lasted 00:04:53 (1308 turns).

concernfroge the Trooper (Mummy Monk)               Turns: 1308, Time: 00:04:54

Health: -2/32      AC: 23    Str: 16    XL:     3   Next: 91%
Magic:  3/3        EV:  0    Int:  9    God:
Gold:   37         SH:  0    Dex: 14    Spells: 2/2 levels left

rFire   x . .      SeeInvis .   a - +0 spear
rCold   + . .      Faith    .   (no shield)
rNeg    + + +      Spirit   .   m - +0 crystal plate armour
rPois   ∞          Reflect  .   (no helmet)
rElec   .          Harm     .   i - +0 cloak
rCorr   .          Rampage  .   (no gloves)
Will    .....                   (no boots)
Stlth   ..........              (no amulet)
HPRegen 0.10/turn               g - +4 ring of protection
MPRegen 0.08/turn               h - +4 ring of protection

@: no status effects
A: cold resistance 1, negative energy resistance 3, torment resistance 2, heat
vulnerability 1, in touch with death 1, no potions
a: no special abilities


You were on level 2 of the Dungeon.
You visited 1 branch of the dungeon, and saw 2 of its levels.

You collected 37 gold pieces.

Inventory:

Hand Weapons
 a - a +0 spear (weapon)
Armour
 i - a +0 cloak (worn)
 m - a +0 crystal plate armour (worn)
Jewellery
 g - a +4 ring of protection (left hand)
 h - a +4 ring of protection (right hand)
Scrolls
 b - a scroll of vulnerability {unknown}
 e - a scroll of teleportation {unknown}
 f - a scroll of butterflies {unknown}
 l - a scroll of immolation


   Skills:
 + Level 4.9 Fighting
 - Level 2.4 Polearms
 - Level 2.4 Dodging
 - Level 1.5 Stealth


You had 2 spell levels left.
You didn't know any spells.
Your spell library contained the following spells:

 Spells                   Type           Power      Damage    Failure   Level
 Slow                     Hex            0%         N/A       100%        1
 Confusing Touch          Hex            0%         N/A       100%        3
 Vampiric Draining        Necr           0%         2d6       100%        3
 Chain Lightning          Conj/Air       0%         N/A       100%        9
 Fire Storm               Conj/Fire      0%         5d1       100%        9
 Shatter                  Erth           0%         3d5*      100%        9


Dungeon Overview and Level Annotations

Branches:
Dungeon (2/15)

Altars:

Shops:
D:1 =


Innate Abilities, Weirdness & Mutations

You are immune to poison.
Your flesh is cold resistant. (rC+)
You are immune to negative energy. (rN+++)
You are immune to unholy pain and torment.
You are vulnerable to heat. (rF-)
You are in touch with the powers of death.
You do not drink.


Message History

Aim: a gnoll, wielding a +0 whip (moderately wounded, about 32% to evade your +0 spear)
You reach to attack!
You hit the gnoll.
The gnoll is heavily wounded.
Reach: a) +0 spear
Press: ? - help, Dir - move target, f/p - gnoll
Aim: a gnoll, wielding a +0 whip (heavily wounded, about 32% to evade your +0 spear)
You reach to attack!
You barely miss the gnoll.
The gnoll is heavily wounded.
You hit the gnoll.
The gnoll is almost dead.
The gnoll hits you with a +0 whip!
* * * LOW HITPOINT WARNING * * *
Reach: a) +0 spear
Press: ? - help, Dir - move target, f/p - gnoll
Aim: a gnoll, wielding a +0 whip (almost dead, about 32% to evade your +0 spear)
You reach to attack!
You barely miss the gnoll.
The gnoll is almost dead.
You hit the gnoll.
You kill the gnoll!
The gnoll hits you but does no damage.
You barely miss the gnoll. The gnoll hits you but does no damage.
You barely miss the gnoll. The gnoll hits you but does no damage.
You hit the gnoll.
The gnoll is lightly wounded.
The gnoll hits you with a +0 club.
* * * LOW HITPOINT WARNING * * *
You hit the gnoll.
The gnoll is moderately wounded.
The gnoll hits you with a +0 club.
* * * LOW HITPOINT WARNING * * *
You closely miss the gnoll.
The gnoll is moderately wounded.
The gnoll hits you but does no damage.
Okay, then.
You aren't carrying any items that you can evoke.
Okay, then.
You hit the gnoll.
The gnoll is heavily wounded.
The gnoll hits you with a +0 club.
You die...

## #..## .# ##..######
.########.##...#
...........#...#
.........#.#...#
...............#######
#.........#.)........#
..........##.........###
..........##.).g@.......
.......#####...)....>.##
.......# #.........##
.......# #.........#
.......# #.........#
.......# #.........#
######## #.........#
#.........# ####+#####.


You could see a gnoll.

Vanquished Creatures
  3 gnolls (D:2)
  6 ball pythons
  5 endoplasms
  3 goblins (D:1)
  2 hobgoblins
  2 jackals (D:1)
  A kobold (D:1)
  A quokka (D:2)
  4 bats (D:1)
  2 frilled lizards (D:1)
  5 rats (D:1)
34 creatures vanquished.

Notes
Turn   | Place    | Note
-------+----------+-------------------------------------------
     0 | D:1      | concernfroge the Mummy Monk began the quest for the Orb.
     0 | D:1      | Reached XP level 1. HP: 18/18 MP: 1/1
   212 | D:1      | Reached XP level 2. HP: 14/24 MP: 2/2
   338 | D:1      | Found Becwos's One-of-a-Kind Rings.
   646 | D:1      | Found a faded altar of an unknown god.
   844 | D:1      | Reached skill level 4 in Fighting
  1086 | D:2      | Gained mutation: You are in touch with the powers of death.
                  | [Mummy growth]
  1086 | D:2      | Reached XP level 3. HP: 28/30 MP: 3/3
  1308 | D:2      | Slain by a gnoll

Illustrated notes

Levels and vault maps discovered:
D:1:      onia_arrival_handbag, layout_basic,
          shapermc_ecumenical_altar_hornbeckon, nicolae_shop_unique_rings
D:2:      layout_basic, st_stairs_11, uniq_sigmund

Skill      XL: |  1  2 |
---------------+-------+-----
Fighting       | 4 |  4.9
Polearms       | |  2.4
Dodging        | |  2.4
Stealth        | |  1.5

Action                   || total
-------------------------++-------
Melee: Spear             ||   152
       Punch             ||     3
Throw: Dart              ||     5
  Use: Scroll            ||     3
Armor: Ring mail         ||    43
       Robe              ||     3
       Crystal plate arm ||    27
Dodge: Dodged            ||    45
